 Dungeon Crawl Stone Soup version 0.23-a0-481-g60b89c1 (webtiles) character file.

19 XanderDroid the Firebug (level 2, 0/23 HPs)
             Began as a Gnoll Wanderer on Nov 29, 2018.
             Slain by a jackal (2 damage)
             ... on level 1 of the Dungeon.
             The game lasted 00:02:32 (808 turns).

XanderDroid the Firebug (Gnoll Wanderer)             Turns: 808, Time: 00:02:33

Health: 0/23       AC:  2    Str: 18    XL:     2   Next: 75%
Magic:  7/7        EV: 11    Int: 11    God:
Gold:   39         SH:  0    Dex: 13    Spells: 10/10 levels left

rFire    . . .     SeeInvis .   a - +2 dagger
rCold    . . .     Gourm    .   (no shield)
rNeg     . . .     Faith    .   e - +0 robe
rPois    .         Spirit   .   (no helmet)
rElec    .         Reflect  .   (no cloak)
rCorr    .         Harm     .   (no gloves)
MR       .....                  (no boots)
Stlth    +++.......             (no amulet)
HPRegen  0.07/turn              (no ring)
MPRegen  0.10/turn              (no ring)

@: no status effects
A: distributed training, fangs 1, strong nose
a: no special abilities


You were on level 1 of the Dungeon.
You were not hungry.

You visited 1 branch of the dungeon, and saw 1 of its levels.

You collected 39 gold pieces.

Inventory:

Hand Weapons
 a - a +2 dagger (weapon)
Armour
 e - a +0 robe (worn)
Scrolls
 b - a scroll of remove curse {unknown}
 d - a scroll of teleportation
 g - a scroll of blinking {unknown}
 h - a scroll of fear {unknown}
Potions
 c - 2 potions of lignification
 i - a potion of degeneration {unknown}
Comestibles
 f - 3 rations


   Skills:
 + Level 2.5 Fighting
 + Level 0.5 Short Blades
 + Level 0.5 Long Blades
 + Level 0.5 Axes
 + Level 0.5 Maces & Flails
 + Level 0.5 Polearms
 + Level 0.5 Staves
 + Level 0.5 Slings
 + Level 0.5 Bows
 + Level 0.5 Crossbows
 + Level 0.5 Throwing
 + Level 0.5 Armour
 + Level 0.5 Dodging
 + Level 4.1 Stealth
 + Level 0.5 Shields
 + Level 0.5 Unarmed Combat
 + Level 4.9 Spellcasting
 + Level 0.3 Conjurations
 + Level 0.3 Hexes
 + Level 0.3 Charms
 + Level 0.3 Summonings
 + Level 0.3 Necromancy
 + Level 0.3 Translocations
 + Level 0.3 Transmutations
 + Level 5.3 Fire Magic
 + Level 0.3 Ice Magic
 + Level 0.3 Air Magic
 + Level 0.3 Earth Magic
 + Level 0.3 Poison Magic
 + Level 0.6 Invocations
 + Level 4.5 Evocations


You had 10 spell levels left.
You didn't know any spells.
Your spell library was empty.

Dungeon Overview and Level Annotations

Branches:
Dungeon (1/15)

Altars:


Innate Abilities, Weirdness & Mutations

Your experience applies equally to all skills.
You have very sharp teeth.
Your uncanny sense of smell can sniff out nearby items.


Message History

The bat closely misses you. The jackal bites you. The bat closely misses you.
The jackal completely misses you. The jackal bites you.
The jackal bites you but does no damage.
The bat hits you. The jackal bites you.
* * * LOW HITPOINT WARNING * * *
The jackal closely misses you. The bat closely misses you.
The bat barely misses you. The jackal barely misses you.
The bat hits you but does no damage.
The jackal bites you but does no damage.
The jackal closely misses you. The bat misses you. The jackal bites you.
* * * LOW HITPOINT WARNING * * *
The bat hits you.
* * * LOW HITPOINT WARNING * * *
The jackal bites you.
* * * LOW HITPOINT WARNING * * *
The jackal bites you.
You die...

......##.(##.....# #............
......#..##......####..........##
>..)..#.............'..........h.
......##..##.......##..........#.
.......####......................
...............................#.
........###............#######.#.
........# #...........##### #....
........# #...hh@.........###....
...###.## #..h.h..........#<#....
##.# #.####...hsb................
#.# #.....Jh.........#####......
#.###......##............##.....
##.#........#...###.......##.....
.#.#.............................
........####.....................
##...##..# #....................#


You could see an ooze, 6 jackals, a giant cockroach and a bat.

Vanquished Creatures
  A dart slug (D:1)
  A leopard gecko (D:1)
  2 giant cockroaches (D:1)
  A goblin (D:1)
  3 hobgoblins (D:1)
  A jackal (D:1)
  A ball python (D:1)
  2 bats (D:1)
  A frilled lizard (D:1)
  2 kobolds (D:1)
  A rat (D:1)
16 creatures vanquished.

Notes
Turn   | Place    | Note
-------+----------+-------------------------------------------
     0 | D:1      | XanderDroid the Gnoll Wanderer began the quest for the Orb.
     0 | D:1      | XanderDroid set off with the following items: a +2 dagger,
                  | a potion of berserk rage, a potion of lignification, a
                  | scroll of teleportation, a +0 robe, a ration
     0 | D:1      | Reached XP level 1. HP: 17/17 MP: 6/6
    90 | D:1      | Reached XP level 2. HP: 20/23 MP: 7/7
   808 | D:1      | Slain by a jackal

Vault maps used:
D:1:      saegor_arrival_simple_a, serial_corexii_hall, chequers_hall_statues_y,
          chequers_hall_statues_corner_a, minmay_close_crescents

Action                   || total
-------------------------++-------
Melee: Dagger            ||    46
       Bite              ||     6
  Use: Scroll            ||     2
 Stab: Sleeping          ||     1
Armor: Robe              ||    28
Dodge: Dodged            ||    74

Table legend:
 A = Non-vault XP
 B = Vault XP
 C = Vault XP percentage of total XP
 D = Non-vault monster count
 E = Vault monster count
 F = Vault count percentage of total count
                 A         B        C        D         E       F
            +---------+---------+-------+---------+---------+-------
      Total |      24 |       4 |  14.3 |      13 |       3 |  18.8
            +---------+---------+-------+---------+---------+-------
        D:1 |      24 |       4 |  14.3 |      13 |       3 |  18.8
            +---------+---------+-------+---------+---------+-------
